Map: Golden Wall LE

Players

Astrea - Winner!

  • Race: Protoss Protoss
  • Spawn Location: 5:00

Future

  • Race: Terran Terran
  • Spawn Location: 7:00

Event: DreamHack SC2 Masters 2020 Summer North America

VOD

Have the link to the VOD?

Description

Time

  • Played on: July 12, 2020, 3:55 p.m.
  • Length: 10:51

All games in this series

Show
View Real Time Build Order
Export as new Build Order

Astrea Protoss - Winner!

Build Orders: Blink Stalkers 

Get SALT Encoding   

  12  0:00  Probe  
  13  0:12  Probe  
  14  0:18  Pylon  
  14  0:24  Probe  
  15  0:32  Probe  
  15  0:38  Gateway  
  15  0:40  Probe  
  16  0:48  Assimilator  
  17  0:51  Probe  
  18  1:03  Probe  
  19  1:15  Probe  
  20  1:26  Cybernetics Core, Zealot, Gateway  
  22  1:33  Pylon  
  22  1:41  Probe  
  22  1:44  Zealot  
  25  1:57  Probe  
  26  2:03  Shield Battery  
  26  2:05  Warp Gate  
  26  2:07  Shield Battery  
  26  2:10  Stalker  
  28  2:17  Stalker  
  26  2:23  Probe  
  29  2:34  Shield Battery  
  29  2:51  Stalker  
  31  2:56  Nexus  
  31  3:11  Probe  
  29  3:20  Assimilator  
  29  3:23  Probe  
  29  3:26  Pylon  
  30  3:31  Twilight Council  
  30  3:35  Probe  
  31  3:43  Probe  
  32  3:48  Blink  
  32  3:51  Probe  
  33  3:57  Pylon  
  33  4:01  Probe  
  33  4:04  Probe  
  33  4:09  Stalker  
  37  4:12  Probe  
  37  4:13  Probe  
  39  4:23  Probe  
  39  4:25  Probe, Pylon  
  41  4:31  Robotics Facility  
  41  4:35  Probe  
  41  4:37  Probe  
  43  4:45  Stalker  
  44  4:46  Stalker  
  44  4:47  Probe  
  44  4:49  Probe  
  48  4:59  Probe, Pylon  
  49  5:02  Probe  
  50  5:11  Probe, Gateway  
  50  5:14  Probe, Stalker x2  
  52  5:17  Observer  
  57  5:21  Assimilator  
  57  5:23  Probe  
  57  5:26  Pylon, Assimilator  
  58  5:29  Probe  
  58  5:35  Probe  
  60  5:39  Stalker x2  
  60  5:41  Probe  
  65  5:46  Shield Battery  
  65  5:47  Probe  
  65  5:49  Observer  
  67  5:53  Probe  
  67  5:55  Pylon  
  68  6:09  Nexus  
  68  6:13  Robotics Bay  
  68  6:17  Probe x2  
  70  6:29  Probe  
  71  6:34  Probe  
  57  6:40  Charge  
  72  6:42  Probe  
  72  6:45  Colossus  
  72  6:46  Probe  
  74  6:50  Forge  
  74  6:53  Observer  
  74  6:54  Probe  
  75  6:58  Probe  
  75  7:01  Sentry x2  
  80  7:04  Extended Thermal Lance  
  80  7:05  Gateway  
  80  7:07  Gateway  
  86  7:13  Pylon  
  86  7:18  Protoss Ground Armor Level 1  
  86  7:20  Probe x2  
  88  7:23  Pylon  
  88  7:24  Colossus  
  88  7:31  Probe  
  88  7:32  Probe x2  
  91  7:40  Zealot x3  
  103  7:45  Observer  
  103  7:49  Probe x3  
  103  7:50  Pylon  
  106  7:52  Pylon  
  106  7:59  Observer  
  106  8:01  Observer  
  106  8:03  Zealot x5  
  116  8:12  Pylon  
  116  8:13  Colossus  
  116  8:14  Pylon  
  122  8:25  Zealot x5  
  131  8:47  Zealot x5  
  141  8:52  Pylon x2  
  141  8:54  Pylon  
  141  9:01  Colossus  
  147  9:10  Stalker x5  
Show
View Real Time Build Order
Export as new Build Order

Future Terran 

Build Orders:  

Get SALT Encoding   

  12  0:00  SCV  
  13  0:12  SCV  
  14  0:19  Supply Depot  
  14  0:25  SCV  
  15  0:41  Barracks  
  15  0:55  Barracks  
  15  0:57  SCV  
  16  1:09  SCV  
  16  1:10  Refinery  
  17  1:21  SCV  
  18  1:28  Marine  
  19  1:33  Orbital Command  
  19  1:38  Bunker  
  19  1:43  Marine  
  19  1:46  Marine  
  21  1:57  Supply Depot  
  21  2:01  SCV, Marine  
  23  2:19  SCV, Marine  
  25  2:23  Marine  
  25  2:29  Factory  
  26  2:35  SCV  
  26  2:37  Marine  
  27  2:39  Refinery  
  27  2:48  SCV  
  27  2:53  Supply Depot  
  27  2:54  Marine  
  28  3:02  SCV  
  26  3:14  SCV  
  26  3:26  SCV  
  27  3:38  Command Center  
  27  3:41  SCV  
  28  3:53  SCV, Factory Tech Lab  
  29  3:56  Starport  
  29  4:05  SCV  
  30  4:12  Siege Tank  
  33  4:17  SCV  
  34  4:29  SCV  
  35  4:33  Viking  
  37  4:41  SCV  
  38  4:49  Siege Tank  
  38  4:50  Orbital Command  
  38  4:51  Engineering Bay  
  41  4:53  SCV  
  41  4:57  Barracks Reactor  
  41  4:58  Barracks Tech Lab  
  42  5:00  Barracks  
  42  5:05  SCV  
  42  5:07  Starport Reactor, Refinery  
  43  5:16  SCV  
  43  5:17  SCV  
  43  5:19  Supply Depot  
  45  5:22  Terran Infantry Weapons Level 1  
  45  5:28  SCV, Marine  
  46  5:30  SCV  
  48  5:37  Supply Depot  
  48  5:40  SCV  
  48  5:42  SCV  
  50  5:48  Factory Reactor  
  50  5:49  Marine x3  
  53  5:52  SCV  
  53  5:54  SCV  
  53  5:55  Marine  
  56  5:57  Combat Shield  
  56  6:01  Supply Depot  
  56  6:04  SCV  
  56  6:06  SCV  
  56  6:07  Marine  
  56  6:08  Marine  
  56  6:09  Marine  
  61  6:13  Marine  
  61  6:15  Medivac  
  61  6:16  Medivac  
  61  6:18  SCV  
  67  6:20  SCV  
  65  6:32  Marauder x2  
  58  6:46  Marine x2  
  60  6:48  SCV x2  
  60  6:53  Marauder  
  60  6:54  Barracks Tech Lab  
  64  6:56  Medivac  
  64  7:00  SCV  
  64  7:01  SCV  
  68  7:03  Supply Depot  
  68  7:04  Supply Depot  
  68  7:05  Marine  
  68  7:06  Marine  
  70  7:13  Marauder  
  73  7:16  Stimpack  
  73  7:17  Marauder  
  73  7:18  SCV x2  
  73  7:20  Concussive Shells  
  76  7:23  Marine x2  
  76  7:27  Supply Depot  
  78  7:30  SCV x2  
  78  7:35  Refinery  
  80  7:41  Marauder x2  
  80  7:42  SCV x2, Marine  
  80  7:43  Marine  
  88  7:50  Supply Depot  
  88  7:51  Supply Depot  
  88  7:54  SCV x2  
  90  8:02  Widow Mine x2  
  90  8:03  Medivac  
  96  8:06  Medivac  
  96  8:11  Marauder, Marine x2  
  102  8:15  Marauder  
  104  8:21  Supply Depot  
  104  8:33  Marauder, Marine x2  
  108  8:36  Marauder  
  108  8:38  Liberator  
  108  8:40  Liberator  
  115  8:45  Supply Depot  
  112  8:51  Marine x2  
  112  8:54  Marauder  
  116  8:57  Marauder  
  111  9:09  Marine x2  
  111  9:16  Marauder  
  105  9:19  Marauder  
  87  9:27  Marine  
Tags
 
Add a new tag
Caveats
  • Supply blocks, unpowered buildings, or Contaminate may cause inaccurate times.
  • Supply counts are checked every 10 seconds.